 Dungeon Crawl Stone Soup version 0.19-a0-1673-g1c1b307 (webtiles) character file.

4290 RandyMagnum the Carver (level 10, -24/71 HPs)
             Began as a Merfolk Gladiator on Sept 23, 2016.
             Killed from afar by a deep elf mage (25 damage)
             ... with a bolt of negative energy
             ... in a bailey.
             The game lasted 00:18:23 (9309 turns).

RandyMagnum the Carver (Merfolk Gladiator)          Turns: 9309, Time: 00:18:24

Health: -24/71     AC: 11    Str: 17    XL:     10   Next: 32%
Magic:  19/19      EV: 17    Int:  7    God:
Gold:   390        SH:  7    Dex: 17    Spells: 0 memorised, 9 levels left

rFire  . . .     SeeInvis .     a - +0 long sword
rCold  . . .     Gourm    .     O - +3 ring mail
rNeg   . . .     Faith    .     Z - +0 buckler
rPois  .         Spirit   .     (no helmet)
rElec  .         Dismiss  .     (no cloak)
rCorr  .         Reflect  +     X - +2 pair of gloves
MR     .....     Harm     .     (no boots)
Stlth  +.........               g - +3 amulet of reflection
                                (no ring)
                                y - ring of magical power

@: drained
A: change form in water, swift swim, stealthy swim, blurry vision 1
a: no special abilities


You were in a bailey.
You were not hungry.

You visited 2 branches of the dungeon, and saw 10 of its levels.
You also visited: Bailey.

You collected 390 gold pieces.

Inventory:

Hand Weapons
 a - a +0 long sword (weapon)
 l - a +1 dagger of holy wrath
 N - a +6 short sword
 P - a +3 hunting sling
Missiles
 h - 37 poisoned needles
 n - 7 javelins (quivered)
 K - 5 tomahawks
 V - a throwing net
Armour
 c - a +0 helmet
 O - a +3 ring mail (worn)
 X - a +2 pair of gloves (worn)
 Z - a +0 buckler (worn)
Jewellery
 g - a +3 amulet of reflection (around neck)
 v - an uncursed amulet of rage
 y - a ring of magical power (left hand)
Wands
 C - a wand of confusion (17/48)
 U - a wand of digging (1/24)
Scrolls
 i - 6 scrolls of remove curse {unknown}
 q - 2 scrolls of fog {unknown}
 D - a scroll of teleportation {unknown}
 E - a scroll of enchant armour {unknown}
 I - a scroll of random uselessness {unknown}
 M - a scroll of fear {unknown}
 Q - 2 scrolls of blinking {unknown}
 R - a scroll of magic mapping {unknown}
Potions
 p - 2 potions of lignification
 t - a potion of invisibility
 x - 2 potions of brilliance
 A - a potion of might
 B - 2 potions of flight
 F - a potion of resistance
 H - 3 potions of mutation
 S - a potion of agility {unknown}
 Y - a potion of degeneration {unknown}
Books
 T - a book of Battle

   Spells                             Type                      Level
   a - Infusion                       Charms                       1
   b - Shroud of Golubria             Charms/Translocation         2
   c - Song of Slaying                Charms                       2
   d - Spectral Weapon                Hexes/Charms                 3
   e - Regeneration                   Charms/Necromancy            3
Comestibles
 f - 6 bread rations
 z - 5 fruits
 G - 3 meat rations
 J - a royal jelly


   Skills:
 + Level 3.8(3.0) Fighting
 + Level 12.6(11.5) Long Blades
 - Level 2.0(1.2) Throwing
 + Level 11.4(10.4) Dodging
 + Level 2.3(1.5) Shields


You had 9 spell levels left.
You didn't know any spells.

Dungeon Overview and Level Annotations

Branches:
Dungeon (9/15)             Temple (1/1) D:7            Lair (0/6) D:8
    Orc: D:9-12

Altars:
Ashenzari
Cheibriados
Dithmenos
Elyvilon
Fedhas
Hepliaklqana
Kikubaaqudgha
Makhleb
Nemelex Xobeh
Okawaru
Qazlal
Ru
Sif Muna
Trog
Uskayaw
Vehumet
Xom
Yredelemnul
Zin
The Shining One

Annotations:
D:6 arson's ghost, novice MiFi


Innate Abilities, Weirdness & Mutations

You revert to your normal form in water.
You are very nimble and swift while swimming.
You are very stealthy in the water.
Scrolls take you a little longer to read.


Message History

The jumping spider leaps!
The demonic crawler hits you but does no damage. x2
The demonic crawler hits you.
* * * LOW HITPOINT WARNING * * *
The redback misses you.
The jumping spider leaps!
The demonic crawler hits you!
* * * LOW HITPOINT WARNING * * *
The demonic crawler hits you but does no damage.
The demonic crawler completely misses you.
The deep elf mage closely misses you.
You hit the deep elf mage.
The deep elf mage is almost dead.
You block the ice devil's attack. You block the demonic crawler's attack.
The demonic crawler completely misses you.
The demonic crawler barely misses you.
The deep elf mage hits you but does no damage.
You block the hell rat's attack.
The deep elf mage points at you and mumbles some strange words.
The bolt of negative energy hits you!
You feel drained.
You die...

#..∩..##..##
#.....#....#
##...##....#
####'##..#
##...###
#.s...#
#4sr..#
#se...#
#@r§.##
+#####


You could see a demonic crawler, an ice devil, a deep elf mage, a jumping
spider, a redback and 2 hell rats.

Vanquished Creatures
  A komodo dragon (D:8)
  Grinder (D:3)
  The ghost of DeloreanTremens the Ducker, a novice SpEn (D:7)
  A hippogriff (D:7)
  Sigmund (D:4)
  A hungry ghost (D:9)
  A soldier ant (D:9)
  Duvessa (D:7)
  2 sky beasts
  A phantom (D:8)
  A black bear (D:8)
  2 necrophages
  An ogre (D:5)
  3 centaurs
  2 big kobolds
  2 bullfrogs
  A gnoll sergeant (Temple)
  Dowan (D:7)
  A wyvern skeleton (D:6)
  4 scorpions
  3 wights
  4 howler monkeys
  3 crimson imps
  2 hounds
  An orc priest (D:4)
  4 jellies
  5 orc wizards
  3 bullfrog skeletons
  4 centaur skeletons
  Jessica (D:3)
  Natasha (thrice) (D:2)
  2 iguanas
  2 worker ants
  A killer bee zombie (D:7)
  A worker ant zombie (D:6)
  2 howler monkey skeletons (D:6)
  4 gnolls
  7 adders
  3 shadow imps
  An ooze (D:2)
  2 worms
  2 dart slugs
  11 leopard geckos
  10 orcs
  4 ball pythons
  6 giant cockroaches
  5 goblins
  7 hobgoblins
  15 jackals
  4 quokkas
  8 bats
  4 frilled lizards
  21 kobolds
  A leopard gecko skeleton (D:7)
  A quokka zombie (D:6)
  7 rats
193 creatures vanquished.

Vanquished Creatures (others)
  2 plants (D:8)
2 creatures vanquished.

Grand Total: 195 creatures vanquished

Notes
Turn   | Place    | Note
-------+----------+-------------------------------------------
     0 | D:1      | RandyMagnum the Merfolk Gladiator began the quest for the Orb.
     0 | D:1      | Reached XP level 1. HP: 16/16 MP: 1/1
   154 | D:1      | Reached XP level 2. HP: 22/22 MP: 2/2
   247 | D:1      | Reached skill level 4 in Long Blades
   461 | D:1      | Reached XP level 3. HP: 27/27 MP: 3/3
   826 | D:2      | Noticed Natasha
   984 | D:2      | Killed Natasha
   984 | D:2      | Reached skill level 5 in Dodging
   984 | D:2      | Reached XP level 4. HP: 10/33 MP: 4/4
   993 | D:2      | Noticed Natasha
  1205 | D:2      | Killed Natasha
  1326 | D:2      | Noticed Natasha
  1333 | D:2      | Killed Natasha
  1333 | D:2      | Reached skill level 5 in Long Blades
  1375 | D:1      | Reached XP level 5. HP: 31/38 MP: 5/5
  1630 | D:2      | Found a faded altar of an unknown god.
  1778 | D:3      | Noticed Grinder
  1824 | D:3      | Paralysed by Grinder for 6 turns
  1832 | D:3      | Paralysed by Grinder for 4 turns
  1999 | D:3      | Paralysed by Grinder for 3 turns
  2012 | D:3      | Paralysed by Grinder for 2 turns
  2017 | D:3      | Paralysed by Grinder for 4 turns
  2025 | D:3      | Paralysed by Grinder for 3 turns
  2048 | D:3      | Paralysed by Grinder for 3 turns
  2063 | D:3      | Killed Grinder
  2063 | D:3      | Reached skill level 6 in Long Blades
  2063 | D:3      | Reached XP level 6. HP: 17/44 MP: 6/6
  2275 | D:3      | Found a stormy altar of Qazlal.
  2302 | D:3      | Found a burning altar of Makhleb.
  2518 | D:3      | Noticed Jessica
  2534 | D:3      | Killed Jessica
  2834 | D:3      | Reached XP level 7. HP: 50/50 MP: 7/7
  3121 | D:4      | Noticed Sigmund
  3220 | D:4      | Reached skill level 7 in Long Blades
  3420 | D:4      | HP: 2/50 [Sigmund/scythe of venom (10)]
  3421 | D:4      | Killed Sigmund
  3875 | D:4      | Reached skill level 8 in Long Blades
  4244 | D:5      | Entered Level 5 of the Dungeon
  4292 | D:4      | Reached XP level 8. HP: 51/56 MP: 8/8
  4574 | D:5      | Found a shadowy altar of Dithmenos.
  4834 | D:5      | Found a sacrificial altar of Ru.
  4846 | D:5      | Reached skill level 9 in Long Blades
  4998 | D:6      | Noticed arson's ghost (novice MiFi)
  5128 | D:6      | Found a white marble altar of Elyvilon.
  5582 | D:6      | Reached skill level 10 in Long Blades
  5696 | D:6      | Reached XP level 9. HP: 60/60 MP: 9/9
  6444 | D:7      | Found a deep blue altar of Sif Muna.
  6528 | D:7      | Reached skill level 11 in Long Blades
  6592 | D:7      | Reached skill level 10 in Dodging
  6631 | D:7      | Noticed DeloreanTremens's ghost (novice SpEn)
  6828 | D:7      | Killed DeloreanTremens's ghost
  6974 | D:7      | Found a staircase to the Ecumenical Temple.
  7000 | Temple   | Entered the Ecumenical Temple
  7532 | D:7      | Reached skill level 12 in Long Blades
  7580 | D:7      | Noticed Duvessa
  7596 | D:7      | Killed Duvessa
  7599 | D:7      | Noticed Dowan
  7605 | D:7      | Killed Dowan
  7629 | D:7      | Found a hazy altar of Hepliaklqana.
  7913 | D:8      | Reached XP level 10. HP: 63/66 MP: 10/10
  7958 | D:8      | Reached skill level 1 in Shields
  8321 | D:8      | Found a staircase to the Lair.
  8409 | D:8      | HP: 3/70 [komodo dragon (30)]
  9232 | D:9      | Gained mutation: Scrolls take you a little longer to read. [potion of mutation]
  9232 | D:9      | Gained mutation: You have a pair of small horns on your head. [potion of mutation]
  9232 | D:9      | Gained mutation: You evolve. [potion of mutation]
  9259 | D:9      | Gained mutation: Scrolls take you longer to read. [potion of mutation]
  9259 | D:9      | Gained mutation: Your spells are a little harder to cast, but a little more powerful. [potion of mutation]
  9260 | D:9      | Lost mutation: Your spells are a little harder to cast, but a little more powerful. [potion of cure mutation]
  9260 | D:9      | Lost mutation: Scrolls take you longer to read. [potion of cure mutation]
  9260 | D:9      | Lost mutation: You have a pair of small horns on your head. [potion of cure mutation]
  9260 | D:9      | Lost mutation: You evolve. [potion of cure mutation]
  9265 | D:9      | Found a flagged portal.
  9277 | Bailey   | Entered a bailey
  9283 | Bailey   | Noticed a deep elf mage
  9307 | Bailey   | HP: 1/71 [demonic crawler[a deep elf mage] (9)]
  9309 | Bailey   | Killed from afar by a deep elf mage

Vault maps used:
D:1:      matt_arrival_diagonals
D:2:      ecumenical_altar_2, uniq_natasha
D:3:      bloody_makhleb, first_bread, grunt_qazlal_clouds, uniq_jessica,
          uniq_grinder
D:4:      uniq_sigmund
D:5:      nicolae_ru_great_annihilating_truth, nicolae_dithmenos_the_darkroom
D:6:      elyvilon_altar_5
D:7:      lemuel_crystal_altar, basic_altar, uniq_duvessa
D:8:      david_lair_shrubbed
D:9:      kennysheep_mini_moat, enter_bailey_2, uniq_gastronok
Temple:   regret_index_temple_generic_petals
Bailey:   bailey_polearm_3, bailey

Skill      XL: |  1  2  3  4  5  6  7  8  9 10 |
---------------+-------------------------------+-----
Long Blades    | 4 5 6 8 10 12 | 12.6
Dodging        | 5 6 7 8 9 10 11 | 11.4
Shields        | 2 |  2.3
Fighting       | 3 |  3.8
Throwing       | |  2.0

Action                   |  1- 3 |  4- 6 |  7- 9 | 10-12 || total
-------------------------+-------+-------+-------+-------++-------
Melee: Long sword        |    90 |   193 |   764 |   201 ||  1248
Throw: Throwing net      |       |     3 |       |       ||     3
       Javelin           |       |     2 |     9 |     6 ||    17
  Use: Scroll            |       |     4 |     4 |     1 ||     9
       Potion            |       |     1 |     1 |     7 ||     9
 Stab: Paralysed         |       |       |     1 |       ||     1
  Eat: Chunk             |       |     7 |    17 |     4 ||    28
       Fruit             |       |       |       |     1 ||     1
       Pizza             |       |       |       |     1 ||     1
Armor: Leather armour    |    14 |       |       |       ||    14
       Ring mail         |     3 |    61 |   166 |    44 ||   274
Dodge: Dodged            |    48 |   120 |   416 |   144 ||   728
Block: Other             |     2 |    22 |    58 |       ||    82
       Buckler           |       |       |     4 |    82 ||    86
       Reflection        |       |       |     1 |     3 ||     4
